 Dungeon Crawl Stone Soup version 0.22-a0-447-gee5f723 (webtiles) character file.

65 KristoblXynda the Conjurer (level 4, 0/27 HPs)
             Began as an Octopode Conjurer on June 3, 2018.
             Killed from afar by Robin (10 damage)
             ... with a wand of flame (32)
             ... on level 2 of the Dungeon.
             The game lasted 00:03:23 (1101 turns).

KristoblXynda the Conjurer (Octopode Conjurer)      Turns: 1101, Time: 00:03:24

Health: 0/27       AC:  1    Str:  7    XL:     4   Next: 14%
Magic:  0/17       EV: 13    Int: 18    God:
Gold:   112        SH:  0    Dex: 12    Spells: 5/8 levels left

rFire    . . .     SeeInvis .   c - +1 dagger (drain)
rCold    . . .     Gourm    .   (no shield)
rNeg     . . .     Faith    .   (helmet restricted)
rPois    .         Spirit   .   (no amulet)
rElec    .         Reflect  .   e - ring of magical power
rCorr    .         Harm     .   (no ring)
MR       .....                  (no ring)
Stlth    +++.......             (no ring)
HPRegen  0.09/turn              (no ring)
MPRegen  0.15/turn              (no ring)
                                (no ring)
                                (no ring)

@: very slightly contaminated
A: almost no armour, stealthy swim, amphibious, 8 rings, constrict 8, camouflage
1, gelatinous body 1
a: no special abilities


You were on level 2 of the Dungeon.
You were not hungry.

You visited 1 branch of the dungeon, and saw 2 of its levels.

You collected 112 gold pieces.

Inventory:

Hand Weapons
 c - a +1 dagger of draining (weapon)
 k - a +0 whip of venom
Jewellery
 e - a ring of magical power (left tentacle)
Scrolls
 a - a scroll of remove curse {unknown}
 g - 2 scrolls of enchant weapon {unknown}
 h - a scroll of enchant armour {unknown}
 i - 2 scrolls of identify {unknown}
 j - a scroll of teleportation {unknown}
 n - a scroll of magic mapping {unknown}
 o - a scroll of noise {unknown}
 r - a scroll of fear {unknown}
Potions
 d - 2 potions of haste {unknown}
 f - a potion of brilliance {unknown}
 l - a potion of curing {unknown}
 p - a potion of ambrosia {unknown}
 q - a potion of lignification {unknown}
Comestibles
 b - 5 rations
 m - 2 chunks of flesh


   Skills:
 - Level 2.0 Dodging
 + Level 4.1 Stealth
 + Level 2.8 Spellcasting
 + Level 4.5 Conjurations


You had 5 spell levels left.
You knew the following spells:

 Your Spells              Type           Power        Failure   Level  Hunger
a - Magic Dart            Conj           ###.         2%          1    None
b - Searing Ray           Conj           ###...       3%          2    ##.....

Your spell library contained the following spells:

 Spells                   Type           Power        Failure   Level  Hunger
 Iskenderun's Mystic Bla  Conj           ###.....     26%         4    ####...
 Fulminant Prism          Conj/Hex       ##........   54%         4    ####...
 Dazzling Spray           Conj/Hex       ##....       21%         3    ###....
 Force Lance              Conj/Tloc      ##......     54%         4    ####...


Dungeon Overview and Level Annotations

Branches:
Dungeon (2/15)

Altars:

Annotations:
D:2 Robin


Innate Abilities, Weirdness & Mutations

You cannot wear most types of armour.
You are very stealthy in the water. (Stealth+)
You are amphibious.
You can wear up to eight rings at the same time.
You can use your tentacles to constrict eight enemies at once.
Your skin changes colour to match your surroundings (Stealth+).
Your rubbery body absorbs attacks. (AC +1, EV +1)


Message History

Casting: Searing Ray (safe; 3% risk of failure)
Confirm with . or Enter, or press ? or * to list all spells.
Aiming: Searing Ray (safe; 3% risk of failure)
Press: ? - help, Shift-Dir - straight line, f/p - Robin
Aim: Robin, wielding a falchion, wearing an animal skin, wearing a glowing helmet and carrying a wand of flame (34) (moderately wounded)
The searing ray hits Robin.
Robin is heavily wounded. (Press . to maintain the ray.) Robin zaps a wand.
The puff of flame misses you.
Casting: Searing Ray (safe; 3% risk of failure)
Confirm with . or Enter, or press ? or * to list all spells.
Aiming: Searing Ray (safe; 3% risk of failure)
Press: ? - help, Shift-Dir - straight line, f - goblin, p - Robin
Aim: a goblin, wielding a club (unusually strong)
The searing ray hits Robin.
Robin is severely wounded. (Press . to maintain the ray.) Robin zaps a wand.
The puff of flame hits you!
Robin zaps a wand.
The puff of flame hits you!
You die...

###.#.## #. #......#
.. #.#.#..# #.
#.#.#..##### #.
#.#.#....... ### ##.##
#.#.........
....#...###)##########
#.......†.#
###<.@########
##...)ggggg.
###########


You could see Robin, 2 hobgoblins and 2 goblins.

Vanquished Creatures
  An adder (D:2)
  2 dart slugs
  2 leopard geckos
  A ball python (D:2)
  3 giant cockroaches
  8 goblins
  6 hobgoblins
  3 jackals (D:2)
  8 bats
  5 frilled lizards
  3 kobolds
  7 rats
49 creatures vanquished.

Vanquished Creatures (others)
  4 toadstools (D:1)
4 creatures vanquished.

Grand Total: 53 creatures vanquished

Notes
Turn   | Place    | Note
-------+----------+-------------------------------------------
     0 | D:1      | KristoblXynda the Octopode Conjurer began the quest for the Orb.
     0 | D:1      | Reached XP level 1. HP: 11/11 MP: 3/3
    57 | D:1      | Reached XP level 2. HP: 14/17 MP: 1/5
   608 | D:1      | Reached XP level 3. HP: 21/21 MP: 6/6
  1024 | D:2      | Reached XP level 4. HP: 21/27 MP: 8/8
  1075 | D:2      | Noticed Robin
  1085 | D:2      | Learned a level 2 spell: Searing Ray
  1101 | D:2      | Killed from afar by Robin

Vault maps used:
D:1:      ldierk_walled_garden_2
D:2:      uniq_robin

Skill      XL: |  1  2  3 |
---------------+----------+-----
Stealth        | 3 4 |  4.1
Dodging        | |  2.0
Spellcasting   | |  2.8
Conjurations   | |  4.5

Action                   |  1- 3 |  4- 6 || total
-------------------------+-------+-------++-------
Melee: Dagger            |    32 |     4 ||    36
       Constrict         |     6 |     1 ||     7
       Tentacles         |     3 |       ||     3
 Cast: Magic Dart        |    47 |     1 ||    48
       Searing Ray       |       |     7 ||     7
 Stab: Sleeping          |     6 |       ||     6
  Eat: Chunk             |     1 |       ||     1
Armor: Skin              |     1 |       ||     1
Dodge: Dodged            |    18 |     5 ||    23

Table legend:
 A = Spawn XP
 B = Non-spawn XP
 C = Spawn XP percentage of total XP
 D = Spawn monster count
 E = Non-spawn monster count
 F = Spawn count percentage of total count
 G = Total turns spent on level
                    A         B        C        D         E        F      G
               +---------+---------+-------+---------+---------+-------+---------
         Total |       0 |      94 |   0.0 |       0 |      49 |   0.0 |  1101
               +---------+---------+-------+---------+---------+-------+---------
           D:1 |       0 |      43 |   0.0 |       0 |      27 |   0.0 |   808
           D:2 |       0 |      51 |   0.0 |       0 |      22 |   0.0 |   293
               +---------+---------+-------+---------+---------+-------+---------
